 Dungeon Crawl Stone Soup version 0.31-a0-620-gd1cbd99268 (webtiles) character file.

Game seed: 6505533464558769559

98 Dirtsage the Changeling (level 4, -5/28 HPs)
             Began as an Octopode Shapeshifter on Aug 23, 2023.
             Killed by divine providence
             ... invoked by an orc priest
              (11 damage)
             ... on level 3 of the Dungeon.
             The game lasted 00:02:33 (1297 turns).

Dirtsage the Changeling (Octopode Shapeshifter)     Turns: 1297, Time: 00:02:34

Health: -5/28      AC:  1    Str: 14    XL:     4   Next: 71%
Magic:  4/4        EV: 13    Int: 12    God:
Gold:   58         SH:  0    Dex: 12    Spells: 3/3 levels left

rFire   . .          .
                       - Unarmed
rCold   . . .        (no shield)
rNeg    . . .        (helmet currently unavailable)
rPois   .            e - amulet of regeneration
rElec   .            (no ring)
rCorr   .            (no ring)
SInv    .            (no ring)
Will    .....        (no ring)
Stlth   ++           (no ring)
HPRegen 1.04/turn    (no ring)
MPRegen 0.09/turn    (no ring)
                     (no ring)

%: no passive effects
@: beast-form
A: beast (slay +2), almost no armour, amphibious, 8 rings, camouflage 1,
gelatinous body 1, (nimble swimmer 1), tentacles
a: Begin Untransformation


You were on level 3 of the Dungeon.
You were a hulking beast.
You visited 1 branch of the dungeon, and saw 3 of its levels.

You collected 58 gold pieces.

Inventory:

Jewellery
 e - an amulet of regeneration (around mantle)
Talismans
 b - a beast talisman (active)
 c - a flux talisman
Wands
 m - a wand of paralysis (9)
Scrolls
 f - 3 scrolls of identify {unknown}
 g - a scroll of poison {unknown}
 i - a scroll of enchant armour {unknown}
 j - a scroll of brand weapon {unknown}
 k - a scroll of teleportation {unknown}
Potions
 a - a potion of lignification
 d - a potion of experience {unknown}
 h - 3 potions of magic {unknown}
 l - a potion of heal wounds {unknown}


   Skills:
 - Level 1.0 Fighting
 - Level 2.0 Dodging
 + Level 3.9 Unarmed Combat
 * Level 4.4 Shapeshifting


You had 3 spell levels left.
You didn't know any spells.
Your spell library was empty.

Dungeon Overview and Level Annotations

Branches:
Dungeon (2/15)

Altars:


Innate Abilities, Weirdness & Mutations

You are a hulking beast.
Your limbs bulge with bestial killing power. (Slay +2)
You cannot wear most types of armour.
You are amphibious.
You can wear up to eight rings at the same time.
Your skin changes colour to match your surroundings (Stealth+).
Your rubbery body absorbs attacks. (AC +1, EV +1)
((You are camouflaged when in or above water. (Stealth+)))
You have tentacles for arms and can constrict up to eight enemies at once.


Message History

An orc comes into view. It is wielding a +0 hand axe.
The orc shouts!
The ball python hisses angrily.
You hear a shout!
An orc priest comes into view. It is wielding a +0 club.
A rat comes into view.
An orc comes into view. It is wielding a +0 club.
The orc shouts!
The ball python closely misses you. The ball python completely misses you.
You tentacle-slap the ball python.
You kill the ball python!
The orc priest miscasts a cantrip.
The orc barely misses you.
You barely miss the orc. You grab the orc.
Your tentacle-slap misses the orc.
You constrict the orc. The orc hits you with a +0 club.
The orc hits you with a +0 hand axe!
You take 11 damage, and have 17/28 hp.
MASSIVE DAMAGE!!
You tentacle-slap the orc priest but do no damage.
Your grab misses the orc priest. You constrict the orc.
The orc priest closely misses you. The orc closely misses you. x2
You completely miss the orc priest. Your grab misses the orc priest.
You squeeze the orc priest.
The orc priest is moderately wounded.
You constrict the orc. The orc priest hits you with a +0 club.
The orc completely misses you. The orc misses you.
You take 5 damage, and have 13/28 hp.
You tentacle-slap the orc priest. You grab the orc priest.
You squeeze the orc priest.
The orc priest is heavily wounded.
You constrict the orc.
You kill the orc!
You constrict the orc priest, but do no damage.
The orc closely misses you. The orc priest hits you with a +0 club.
You take 2 damage, and have 11/28 hp.
You barely miss the orc priest. You squeeze the orc priest.
The orc priest is almost dead.
You constrict the orc priest. The rat bites you.
The orc hits you with a +0 club.
* * * LOW HITPOINT WARNING * * *
The orc priest mumbles some strange prayers to Beogh against you.
Beogh smites you!
You die...

#############.#
#........†....#
#.#############
####.#####
#........#
#........#
#........#####
#.............
#.....h...####
#....oro..#
#.........#
#.....o...#
#.........#
#.........#
####.####$# #.
.#


You could see 2 orc priests, an orc and a rat.

Vanquished Creatures
  4 gnolls (D:2)
  2 adders
  2 worms (D:2)
  3 dart slugs (D:2)
  An orc (D:3)
  2 bats
  2 giant cockroaches
  2 goblins
  5 hobgoblins
  2 jackals (D:1)
  A kobold (D:2)
  A ball python (D:3)
  A frilled lizard (D:2)
  2 rats (D:1)
30 creatures vanquished.

Notes
Turn   | Place    | Note
-------+----------+-------------------------------------------
     0 | D:1      | Dirtsage the Octopode Shapeshifter began the quest for the
                  | Orb.
     0 | D:1      | Reached XP level 1. HP: 13/13 MP: 1/1
   262 | D:1      | Reached XP level 2. HP: 18/18 MP: 2/2
   682 | D:2      | Reached XP level 3. HP: 18/23 MP: 3/3
  1084 | D:2      | Reached skill level 4 in Shapeshifting
  1099 | D:2      | Reached XP level 4. HP: 28/28 MP: 4/4
  1244 | D:2      | You fall into a shaft and drop 1 floor!
  1297 | D:3      | Killed from afar by an orc priest

Illustrated notes

Levels and vault maps discovered:
D:1:      ncdulo_lavacross, layout_loops_ring, minmay_misc_feat_five,
          hangedman_decor_push
D:2:      layout_loops_cross, grunt_ministairs_13
D:3:      layout_basic

Skill      XL: |  1  2  3 |
---------------+----------+-----
Shapeshifting  | 4 |  4.4
Fighting       | |  1.0
Dodging        | |  2.0
Unarmed Combat | |  3.9

Action                     |  1- 3 |  4- 6 || total
---------------------------+-------+-------++-------
  Melee: Unarmed           |    47 |    14 ||    61
         Tentacles         |    12 |     9 ||    21
         Constrict         |    16 |     6 ||    22
  Evoke: Wand              |       |     1 ||     1
   Stab: Sleeping          |     5 |     1 ||     6
 Armour: Skin              |     3 |       ||     3
  Dodge: Dodged            |    12 |    11 ||    23

Table legend: (Time is in decaauts)
 A = Elapsed time spent in this place.
 B = Non-inter-level travel time spent in this place.
 C = Inter-level travel time spent in this place.
 D = Time resting spent in this place.
 E = Time spent auto-exploring this place.
 F = Levels seen in this place.
 G = Mean time per level.
                   A        B        C        D        E       F      G
               +--------+--------+--------+--------+--------+-----+--------+
         Total |   1292 |   1260 |     32 |      0 |   1056 |   3 |  430.7 |
       Dungeon |   1292 |   1260 |     32 |      0 |   1056 |   3 |  430.7 |
               +--------+--------+--------+--------+--------+-----+--------+

Top non-repeatable levels by time:
     D:1: 620 daAuts
     D:2: 620 daAuts
     D:3: 52 daAuts
